 Dungeon Crawl Stone Soup version 0.30.1-11-g7821555f0a (webtiles) character file.

Game seed: 9367800340860435423

7585 Ijustatesigmund the Thaumaturge (level 11, -15/121 HPs)
             Began as a Gnoll Earth Elementalist on Nov 30, 2023.
             Was a Believer of Vehumet.
             Demolished by a cyan ugly thing (17 damage)
             ... on level 9 of the Dungeon.
             The game lasted 00:20:58 (12197 turns).

Ijustatesigmund the Thaumaturge (GnEE)             Turns: 12197, Time: 00:20:58

Health: -15/121    AC:  8    Str:  8    XL:     11   Next: 17%
Magic:  12/23      EV: 16    Int: 17    God:    Vehumet [**....]
Gold:   464        SH:  5    Dex: 16    Spells: 22/26 levels left

rFire   . . .        e - +4 trident (venom)
rCold   . . .        (no shield)
rNeg    . . .        a - +0 robe {Archmagi}
rPois   .            n - +0 helmet
rElec   .            (no cloak)
rCorr   .            h - +0 pair of gloves
SInv    .            d - +0 pair of boots
Will    .....        x - amulet of reflection Stlth
                     y - ring of flight
HPRegen 0.40/turn    (no ring)
MPRegen 0.18/turn

%: reflection, clarity, archmagi
@: berserking, flying, studying Ice Magic, very quick
A: fangs 1, strong nose, distributed training, iridescent scales 1, agile 1,
clarity
a: Renounce Religion


You were on level 9 of the Dungeon.
You worshipped Vehumet.
Vehumet was pleased with you.
You visited 2 branches of the dungeon, and saw 10 of its levels.

You collected 464 gold pieces.

Inventory:

Hand Weapons
 e - a +4 trident of venom (weapon)
Armour
 a - a +0 robe of the Archmagi (worn)
 d - a +0 pair of boots (worn)
 h - a +0 pair of gloves (worn)
 n - a +0 helmet (worn)
Jewellery
 x - an amulet of reflection (around neck)
 y - a ring of flight (left hand)
Wands
 v - a wand of charming (3)
 A - a wand of polymorph (6)
Scrolls
 c - a scroll of poison
 k - a scroll of fog
 l - a scroll of noise
 m - 3 scrolls of torment
 p - a scroll of fear
 r - 2 scrolls of enchant weapon
 t - 2 scrolls of teleportation
Potions
 b - 2 potions of magic
 g - a potion of curing
 j - 2 potions of attraction
 o - 2 potions of cancellation
 q - 3 potions of mutation
 s - 2 potions of berserk rage


   Skills:
 + Level 6.2 Fighting
 + Level 6.2 Short Blades
 + Level 6.2 Long Blades
 + Level 6.2 Axes
 + Level 6.2 Maces & Flails
 + Level 6.2 Polearms
 + Level 6.2 Staves
 + Level 6.2 Ranged Weapons
 + Level 6.2 Throwing
 + Level 6.2 Armour
 + Level 7.8 Dodging
 + Level 7.6 Stealth
 + Level 6.2 Shields
 + Level 6.2 Unarmed Combat
 + Level 8.1 Spellcasting
 + Level 5.2 Conjurations
 + Level 5.2 Hexes
 + Level 5.2 Summonings
 + Level 5.2 Necromancy
 + Level 5.2 Translocations
 + Level 5.6 Transmutations
 + Level 5.2 Fire Magic
 + Level 6.5 Ice Magic
 + Level 5.2 Air Magic
 + Level 7.6 Earth Magic
 + Level 5.2 Poison Magic
 + Level 6.9 Invocations
 + Level 6.2 Evocations


You had 22 spell levels left.
You knew the following spells:

 Your Spells              Type           Power      Damage    Failure   Level
a - Sandblast             Erth           98%        2d20      1%          1
b - Stone Arrow           Conj/Erth      86%        3d12      2%          3

Your spell library contained the following spells:

 Spells                   Type           Power      Damage    Failure   Level
 Static Discharge         Conj/Air       72%        2-5/arc   1%          2
 Slow                     Hex            100%       N/A       1%          1
 Passwall                 Tmut/Erth      36%        N/A       1%          2
 Poisonous Vapours        Pois/Air       72%        N/A       1%          2
 Confusing Touch          Hex            36%        N/A       3%          3
 Mephitic Cloud           Conj/Pois/Air  36%        N/A       3%          3
 Vampiric Draining        Necr           36%        2d8       3%          3
 Petrify                  Tmut/Erth      44%        N/A       7%          4
 Leda's Liquefaction      Hex/Erth       21%        N/A       8%          4
 Lee's Rapid Deconstruct  Erth           24%        3d13*     12%         5
 Freezing Cloud           Conj/Ice/Air   19%        6-21      28%         5
 Yara's Violent Unravell  Hex/Tmut       19%        3d9       30%         5
 Statue Form              Tmut/Erth      29%        N/A       71%         6
 Simulacrum               Ice/Necr       20%        N/A       82%         6
 Ozocubu's Refrigeration  Ice            21%        4d12      99%         7
 Polar Vortex             Ice            21%        N/A       100%        9


Dungeon Overview and Level Annotations

Branches:
Dungeon (9/15)             Temple (1/1) D:5            Lair (0/5) D:9
    Orc: D:9-12

Altars:
Ashenzari
Cheibriados
Dithmenos
Elyvilon
Fedhas
Gozag
Kikubaaqudgha
Makhleb
Nemelex Xobeh
Okawaru
Qazlal
Ru
Sif Muna
Trog
Uskayaw
Vehumet
Wu Jian
Xom
Yredelemnul
Zin
The Shining One

Shops:
D:3 =   D:7 *

Annotations:
D:8 exclusion: ice statue
Temple Dowan


Innate Abilities, Weirdness & Mutations

You have very sharp teeth.
Your uncanny sense of smell can sniff out nearby items.
Your experience applies equally to all skills.
You are partially covered in iridescent scales. (AC +2)
You are agile. (Dex +4, Str/Int -1)
You possess an exceptional clarity of mind.


Message History

Aiming: Stone Arrow (mildly dangerous; 2% risk of failure)
Press: ? - help, Shift-Dir - straight line, f/p - cyan ugly thing
Aim: a cyan ugly thing (76% to hit)
You feel a surge of power!
The stone arrow hits the cyan ugly thing!!
The cyan ugly thing is moderately wounded.
You barely miss the cyan ugly thing.
The cyan ugly thing is moderately wounded.
The cyan ugly thing tentacle-slaps you! The cyan ugly thing shocks you!
You puncture the cyan ugly thing! Your punch misses the cyan ugly thing.
You bite the cyan ugly thing, but do no damage.
The cyan ugly thing is moderately wounded.
The cyan ugly thing tentacle-slaps you. The cyan ugly thing shocks you!
You are too injured to fight recklessly!
Unknown command.
Casting: Stone Arrow (mildly dangerous; 2% risk of failure)
Confirm with . or Enter, or press ? or * to list all spells.
Aiming: Stone Arrow (mildly dangerous; 2% risk of failure)
Press: ? - help, Shift-Dir - straight line, f/p - cyan ugly thing
Aim: a cyan ugly thing (moderately wounded, 76% to hit)
You feel a surge of power!
The stone arrow hits the cyan ugly thing!!
The cyan ugly thing is severely wounded.
The cyan ugly thing tentacle-slaps you! The cyan ugly thing shocks you!
* * * LOW HITPOINT WARNING * * *
You feel much better. The cyan ugly thing tentacle-slaps you!
The cyan ugly thing shocks you!
* * * LOW HITPOINT WARNING * * *
A red film seems to cover your vision as you go berserk!
You feel yourself moving faster!
You feel mighty! The cyan ugly thing tentacle-slaps you.
* * * LOW HITPOINT WARNING * * *
The cyan ugly thing shocks you!
* * * LOW HITPOINT WARNING * * *
You closely miss the cyan ugly thing.
The cyan ugly thing is severely wounded.
The cyan ugly thing tentacle-slaps you.
* * * LOW HITPOINT WARNING * * *
The cyan ugly thing shocks you!
You die...

#..####................##
**#..#* #..........#.......
*,.,,.###.........#........
*,,,,,..#.............#..#~
*,,,,,*....................
*,,,,,##.......#...........
*,,..,*#.............###..#
*,,....#..u..........##....
***,***#....@..#....#..#.....
*,,,,,#....#..###.........>..
*,,,,...#.,#...#.......#.....
*,,,,.**#....#.#....#.#.#...#
*,,,,,* #....#.##.......##.##
******* ##...#........#.#...#
#.######............
#.,,***#........#...
##*,,,,....#........


You could see a cyan ugly thing.

Vanquished Creatures
  A hydra (D:9)
  2 two-headed ogres (D:9)
  A rime drake (D:9)
  A troll (D:7)
  2 hornets
  Prince Ribbit (D:7)
  Grinder (D:5)
  A wraith (D:8)
  A wyvern (D:9)
  4 yaks (D:8)
  A steam dragon (D:9)
  Menkaure (D:5)
  A water moccasin (D:7)
  Duvessa (D:5)
  5 ice beasts
  A black bear (D:4)
  6 centaurs
  An ogre (D:6)
  2 wolves (D:9)
  2 phantoms
  A bullfrog (D:6)
  2 scorpions
  10 wights
  3 howler monkeys
  A hound (D:7)
  2 jellies
  4 iguanas
  5 orc priests
  6 orc wizards
  4 gnolls (D:5)
  7 adders
  A shadow imp (D:5)
  3 ufetubi
  A worm (D:4)
  A dart slug (D:3)
  18 orcs
  3 bats
  4 endoplasms
  2 giant cockroaches (D:1)
  7 goblins
  6 hobgoblins
  2 jackals (D:4)
  16 kobolds
  A quokka (D:1)
  9 ball pythons
  4 frilled lizards
  5 rats
  A butterfly (D:8)
165 creatures vanquished.

Vanquished Creatures (collateral kills)
  A bullfrog (D:7)
  4 wights (D:8)
  A howler monkey (D:9)
  2 kobolds (D:9)
8 creatures vanquished.

Vanquished Creatures (others)
  2 yaks (D:8)
  3 ice beasts
  A kobold brigand (D:9)
  A wight (D:8)
  An orc (D:4)
8 creatures vanquished.

Grand Total: 181 creatures vanquished

Notes
Turn   | Place    | Note
-------+----------+-------------------------------------------
     0 | D:1      | Ijustatesigmund the Gnoll Earth Elementalist began the
                  | quest for the Orb.
     0 | D:1      | Reached XP level 1. HP: 13/13 MP: 6/6
   211 | D:1      | Reached XP level 2. HP: 19/19 MP: 2/7
   818 | D:1      | Found a faded altar of an unknown god.
   990 | D:1      | Reached skill level 5 in Spellcasting
   990 | D:1      | Reached XP level 3. HP: 25/25 MP: 5/9
  1314 | D:2      | Found a hide-covered altar of Uskayaw.
  1555 | D:2      | Reached skill level 1 in Invocations
  1765 | D:2      | Reached skill level 1 in Fighting
  1765 | D:2      | Reached skill level 1 in Short Blades
  1765 | D:2      | Reached skill level 1 in Long Blades
  1765 | D:2      | Reached skill level 1 in Axes
  1765 | D:2      | Reached skill level 1 in Maces & Flails
  1765 | D:2      | Reached skill level 1 in Polearms
  1765 | D:2      | Reached skill level 1 in Staves
  1765 | D:2      | Reached skill level 1 in Ranged Weapons
  1765 | D:2      | Reached skill level 1 in Throwing
  1765 | D:2      | Reached skill level 1 in Armour
  1765 | D:2      | Reached skill level 1 in Shields
  1765 | D:2      | Reached skill level 1 in Unarmed Combat
  1765 | D:2      | Reached skill level 1 in Evocations
  2184 | D:2      | Reached XP level 4. HP: 29/32 MP: 11/11
  2211 | D:2      | Learned a level 3 spell: Stone Arrow
  2345 | D:3      | Found a blossoming altar of Fedhas.
  2372 | D:3      | Found an iron altar of Okawaru.
  2412 | D:3      | Found a stormy altar of Qazlal.
  2421 | D:3      | Reached skill level 1 in Conjurations
  2421 | D:3      | Reached skill level 1 in Hexes
  2421 | D:3      | Reached skill level 1 in Summonings
  2421 | D:3      | Reached skill level 1 in Necromancy
  2421 | D:3      | Reached skill level 1 in Translocations
  2421 | D:3      | Reached skill level 1 in Fire Magic
  2421 | D:3      | Reached skill level 1 in Ice Magic
  2421 | D:3      | Reached skill level 1 in Air Magic
  2421 | D:3      | Reached skill level 1 in Poison Magic
  2552 | D:3      | Found Ydwoi's Jewellery Shop.
  2565 | D:3      | Found a white marble altar of Elyvilon.
  2565 | D:3      | Found an opulent altar of Gozag.
  2974 | D:3      | Found an ornate altar of the Wu Jian Council.
  3407 | D:4      | Reached XP level 5. HP: 17/37 MP: 10/12
  3961 | D:5      | Entered Level 5 of the Dungeon
  3973 | D:4      | Gained mutation: You possess an exceptional clarity of
                  | mind. [potion of mutation]
  3973 | D:4      | Gained mutation: You are partially covered in iridescent
                  | scales. (AC +2) [potion of mutation]
  3973 | D:4      | Gained mutation: You are agile. (Dex +4, Str/Int -1)
                  | [potion of mutation]
  4128 | D:5      | Noticed a black bear
  4134 | D:4      | Killed a black bear
  4135 | D:4      | Reached skill level 5 in Dodging
  4135 | D:4      | Reached XP level 6. HP: 24/44 MP: 0/14
  4482 | D:5      | Reached XP level 7. HP: 51/51 MP: 5/15
  4550 | D:5      | Noticed Menkaure
  4553 | D:5      | Found a staircase to the Ecumenical Temple.
  4556 | D:5      | Killed Menkaure
  4564 | D:5      | Reached skill level 5 in Stealth
  4603 | D:5      | Noticed Grinder
  4605 | D:5      | Found a burning altar of Makhleb.
  4659 | D:5      | Noticed Duvessa
  4664 | D:5      | Noticed Dowan
  4676 | Temple   | Entered the Ecumenical Temple
  4990 | Temple   | Became a worshipper of Vehumet
  5099 | D:5      | Killed Duvessa
  5493 | D:5      | Reached XP level 8. HP: 58/58 MP: 12/16
  5844 | D:5      | Killed Grinder
  5845 | D:5      | Reached skill level 6 in Spellcasting
  5895 | D:5      | Found a broken altar of Ashenzari.
  6447 | D:6      | Found a sparkling altar of Nemelex Xobeh.
  6794 | D:7      | Found Askaddune's Elemental Accessories.
  6961 | D:7      | Reached XP level 9. HP: 65/65 MP: 8/18
  7227 | D:7      | Identified the +0 dagger "Suasisi" {holy, *Noise rPois
                  | Str+3 Stlth+}
  7381 | D:7      | Noticed a troll
  7449 | D:7      | Reached * piety under Vehumet
  7449 | D:7      | Offered knowledge of Foxfire by Vehumet.
  7567 | D:7      | Noticed Prince Ribbit
  7570 | D:7      | Killed Prince Ribbit
  7696 | D:7      | Killed a troll
  7697 | D:7      | Reached skill level 5 in Invocations
  8359 | D:8      | Reached skill level 7 in Spellcasting
  8668 | D:8      | Reached skill level 5 in Fighting
  8668 | D:8      | Reached skill level 5 in Short Blades
  8668 | D:8      | Reached skill level 5 in Long Blades
  8668 | D:8      | Reached skill level 5 in Axes
  8668 | D:8      | Reached skill level 5 in Maces & Flails
  8668 | D:8      | Reached skill level 5 in Polearms
  8668 | D:8      | Reached skill level 5 in Staves
  8668 | D:8      | Reached skill level 5 in Ranged Weapons
  8668 | D:8      | Reached skill level 5 in Throwing
  8668 | D:8      | Reached skill level 5 in Armour
  8668 | D:8      | Reached skill level 5 in Shields
  8668 | D:8      | Reached skill level 5 in Unarmed Combat
  8668 | D:8      | Reached skill level 5 in Evocations
  8668 | D:8      | Reached XP level 10. HP: 41/74 MP: 1/20
  8948 | D:8      | Reached skill level 5 in Ice Magic
  9422 | D:8      | Noticed an ice statue
  9702 | D:8      | Reached skill level 5 in Transmutations
  9711 | D:8      | Found a shimmering altar of Xom.
 10094 | D:9      | Found a bloodstained altar of Trog.
 10347 | D:9      | Got the Compendium of Malediction and Debased Magic
 10696 | D:9      | Offered knowledge of Static Discharge by Vehumet.
 10973 | D:9      | Reached ** piety under Vehumet
 11142 | D:9      | Noticed a two-headed ogre
 11147 | D:9      | Noticed a cyan ugly thing
 11157 | D:9      | Noticed a four-headed hydra
 11169 | D:9      | Noticed a centaur warrior
 11436 | D:9      | Killed a two-headed ogre
 11564 | D:9      | Killed a four-headed hydra
 11565 | D:9      | Reached skill level 5 in Conjurations
 11565 | D:9      | Reached skill level 5 in Hexes
 11565 | D:9      | Reached skill level 5 in Summonings
 11565 | D:9      | Reached skill level 5 in Necromancy
 11565 | D:9      | Reached skill level 5 in Translocations
 11565 | D:9      | Reached skill level 5 in Fire Magic
 11565 | D:9      | Reached skill level 5 in Air Magic
 11565 | D:9      | Reached skill level 5 in Poison Magic
 11565 | D:9      | Reached XP level 11. HP: 81/81 MP: 4/22
 11683 | D:9      | Reached skill level 8 in Spellcasting
 11911 | D:9      | Found a staircase to the Lair.
 11932 | D:9      | Noticed a two-headed ogre
 11937 | D:9      | Killed a two-headed ogre
 12156 | D:9      | Found a sacrificial altar of Ru.
 12196 | D:9      | HP: 6/121 [cyan ugly thing (12)]
 12197 | D:9      | HP: 2/121 [cyan ugly thing (4)]
 12197 | D:9      | Demolished by a cyan ugly thing

Illustrated notes

Levels and vault maps discovered:
D:1:      matt_arrival_los_fun, layout_basic,
          shapermc_ecumenical_altar_mp_vishouse
D:2:      layout_basic, basic_altar
D:3:      layout_loops_cross, grunt_temple_overflow_forces_of_nature,
          kennysheep_okawaru_gauntlet, nzn_wu_jian_council_hall,
          nicolae_overflow_two_pavilions, serial_shops, shop
D:4:      layout_cave_pools, grunt_decor_junction
D:5:      layout_loops_ring, mainiacjoe_overflow_tiny_flanked, bloody_makhleb,
          minmay_temple_entry_sparse_star, uniq_grinder, uniq_duvessa,
          uniq_menkaure
D:6:      layout_cave_pods, nicolae_hepliaklqana_monster_ancestors,
          nemelex_dance_club_becter
D:7:      layout_loops_cross, nicolae_elemental_shop, minmay_stone_trees_small,
          st_stairs_10, minmay_manual_mess, uniq_prince_ribbit1
D:8:      minmay_statue_hallways, layout_basic, xom_butterflies,
          hangedman_decor_growths
D:9:      layout_rooms, nicolae_overflow_hidden_temple, lemuel_doored_altar,
          hellmonk_lair_entry_icy, chequers_serial_rivers_large_a,
          corexii_corridor_pit, minmay_diamond_spiral
Temple:   nicolae_temple_ecumenical_triangle

Skill      XL: |  1  2  3  4  5  6  7  8  9 10 11 |
---------------+----------------------------------+-----
Transmutations | 2 3 4 5 |  5.6
Spellcasting   | 5 6 7 8 |  8.1
Invocations    | 1 2 3 4 5 6 |  6.9
Fighting       | 1 2 3 4 5 6 |  6.2
Short Blades   | 1 2 3 4 5 6 |  6.2
Long Blades    | 1 2 3 4 5 6 |  6.2
Axes           | 1 2 3 4 5 6 |  6.2
Maces & Flails | 1 2 3 4 5 6 |  6.2
Polearms       | 1 2 3 4 5 6 |  6.2
Staves         | 1 2 3 4 5 6 |  6.2
Ranged Weapons | 1 2 3 4 5 6 |  6.2
Throwing       | 1 2 3 4 5 6 |  6.2
Armour         | 1 2 3 4 5 6 |  6.2
Shields        | 1 2 3 4 5 6 |  6.2
Unarmed Combat | 1 2 3 4 5 6 |  6.2
Evocations     | 1 2 3 4 5 6 |  6.2
Conjurations   | 1 2 3 4 5 |  5.2
Hexes          | 1 2 3 4 5 |  5.2
Summonings     | 1 2 3 4 5 |  5.2
Necromancy     | 1 2 3 4 5 |  5.2
Translocations | 1 2 3 4 5 |  5.2
Fire Magic     | 1 2 3 4 5 |  5.2
Ice Magic      | 1 2 3 4 6 |  6.5
Air Magic      | 1 2 3 4 5 |  5.2
Poison Magic   | 1 2 3 4 5 |  5.2
Dodging        | 5 6 7 |  7.8
Stealth        | 5 6 7 |  7.6
Earth Magic    | 6 7 |  7.6

Action                     |  1- 3 |  4- 6 |  7- 9 | 10-12 || total
---------------------------+-------+-------+-------+-------++-------
  Melee: Dagger            |     8 |       |       |       ||     8
         Falchion          |    17 |     6 |       |       ||    23
         Bite              |     2 |     5 |    12 |    13 ||    32
         Rapier            |       |    16 |       |       ||    16
         Unarmed           |       |     4 |       |       ||     4
         Flail             |       |    15 |    97 |       ||   112
         Punch             |       |       |     3 |     6 ||     9
         Trident           |       |       |    35 |    96 ||   131
   Cast: Sandblast         |    36 |    34 |     4 |     1 ||    75
         Stone Arrow       |       |     9 |    68 |    53 ||   130
  Evoke: Wand              |       |       |     2 |     7 ||     9
    Use: Scroll            |       |     7 |     2 |     9 ||    18
         Potion            |       |     2 |     4 |     2 ||     8
   Stab: Sleeping          |     4 |     2 |     3 |     3 ||    12
 Armour: Robe              |     3 |    33 |    39 |    30 ||   105
  Dodge: Dodged            |    14 |    58 |   155 |    81 ||   308
  Block: Other             |       |       |     2 |    29 ||    31
         Reflection        |       |       |     2 |     1 ||     3
